 Dungeon Crawl Stone Soup version 0.19.5 (webtiles) character file.

2909 Jerry the Reanimator (level 9, -1/69 HPs)
             Began as a Mummy Necromancer on Apr 22, 2017.
             Was a Follower of Sif Muna.
             Shot with a sling bullet by Joseph (17 damage)
             ... on level 8 of the Dungeon.
             The game lasted 00:56:00 (8891 turns).

Jerry the Reanimator (Mummy Necromancer)            Turns: 8891, Time: 00:56:01

Health: -1/69      AC:  2    Str: 10    XL:     9   Next: 49%
Magic:  10/18      EV: 12    Int: 25    God:    Sif Muna [*.....]
Gold:   362        SH:  0    Dex: 12    Spells: 5 memorised, 7 levels left

rFire  . . .     SeeInvis .     s - +4 hunting sling of Defiance {flame, rC+ rN+ Str-2 Int+8}
rCold  + . .     Gourm    .     a - +0 robe
rNeg   + + +     Faith    .     (no shield)
rPois  ∞         Spirit   .     (no helmet)
rElec  .         Reflect  .     (no cloak)
rCorr  .         Harm     .     (no gloves)
MR     +....                    (no boots)
Stlth  ++........               c - amulet of regeneration
                                (no ring)
                                j - ring of fire

@: no status effects
A: no food or potions, fire vulnerability, cold resistance 1, negative energy
resistance 3, torment resistance, unbreathing
a: Divine Energy, Renounce Religion


You were on level 8 of the Dungeon.
You worshipped Sif Muna.
Sif Muna was aware of your devotion.
You were not hungry.

You visited 1 branch of the dungeon, and saw 8 of its levels.

You collected 362 gold pieces.

Inventory:

Hand Weapons
 i - a +1 dagger of venom
 s - the +4 hunting sling of Defiance (weapon) {flame, rC+ rN+ Str-2 Int+8}
   (You found it on level 5 of the Dungeon)

   It causes projectiles fired from it to burn those they strike, causing extra
   injury to most foes and up to half again as much damage against particularly
   susceptible opponents.
   It affects your strength (-2).
   It affects your intelligence (+8).
   It protects you from cold.
   It protects you from negative energy.
 v - a +0 shortbow of velocity
Missiles
 f - 77 stones (quivered)
 u - 68 arrows
Armour
 a - a +0 robe (worn)
Jewellery
 c - an amulet of regeneration (around neck)
 j - a ring of fire (left hand)
Wands
 b - a wand of iceblast (7/15)
 e - a wand of paralysis (13/24)
 o - a wand of iceblast (2/15)
 r - a wand of confusion (13/48)
Scrolls
 d - a scroll of magic mapping
 h - 6 scrolls of amnesia
 k - 3 scrolls of identify
 l - a scroll of immolation
 n - 3 scrolls of remove curse
 p - a scroll of fog
 q - a scroll of noise
 t - a scroll of teleportation


   Skills:
 - Level 5.6 Fighting
 - Level 1.5 Dodging
 - Level 2.0 Stealth
 + Level 6.1 Spellcasting
 * Level 10.3 Necromancy
 + Level 2.1 Invocations


You had 7 spell levels left.
You knew the following spells:

 Your Spells              Type           Power        Failure   Level  Hunger
a - Pain                  Necr           ####         1%          1    N/A
b - Animate Skeleton      Necr           N/A          1%          1    N/A
c - Vampiric Draining     Necr           ######....   1%          3    N/A
d - Control Undead        Necr           ######....   1%          4    N/A
e - Animate Dead          Necr           N/A          1%          4    N/A

Dungeon Overview and Level Annotations

Branches:
Dungeon (8/15)             Temple (0/1) D:6
   Lair: D:8-11

Altars:
Cheibriados
Gozag
Sif Muna
Xom
Zin
The Shining One

Shops:
D:7 }

Annotations:
D:8 Joseph


Innate Abilities, Weirdness & Mutations

You do not eat or drink.
Your flesh is vulnerable to fire.
You are immune to poison.
Your flesh is cold resistant. (rC+)
You are immune to negative energy. (rN+++)
You are immune to unholy pain and torment.
You can survive without breathing.


Message History

The orc warrior misses you.
A centaur comes into view.
The centaur wields a shortbow.
The centaur shoots an arrow.
The arrow barely misses you.
Your magical contamination has completely faded away.
You see here an arrow.
The centaur shoots an arrow.
The arrow barely misses you.
The centaur shoots an arrow.
The arrow hits you but does no damage.
You see here an arrow.
Joseph, a Mercenary comes into view.
He is wielding a quarterstaff of speed.
Found a stone staircase leading down.
The centaur shoots an arrow.
The arrow hits you!
* * * LOW HITPOINT WARNING * * *
You see here an arrow.
Joseph shouts!
The centaur shoots an arrow.
The arrow closely misses you.
Joseph unwields an uncursed quarterstaff of speed.
Joseph wields a hunting sling.
Joseph shoots a sling bullet.
The sling bullet hits you!
You die...

..#>.. #.# ......
##.## .#....
##...##
......#######.....#
#c((o........#
#o######.....# #.#
##...## #(# #####
#@# .....[..#
#####...# #..(#
#..@# #.... ##...
#.##


You could see Joseph, an orc warrior and a centaur.

Vanquished Creatures
  Sigmund (D:6)
  Edmund (D:5)
  An orc warrior (D:6)
  2 ice beasts (D:7)
  A necrophage (D:7)
  3 ogres
  2 centaurs
  3 bullfrogs
  2 scorpions (D:7)
  6 killer bees
  2 howler monkeys
  4 crimson imps
  A lava snake (D:7)
  A quasit (D:5)
  2 jellies
  A bullfrog zombie (D:7)
  2 hounds
  2 orc priests (D:4)
  A bullfrog skeleton (D:7)
  An iguana (D:4)
  An orc wizard (D:3)
  5 worker ants
  A howler monkey zombie (D:5)
  11 gnolls
  A howler monkey skeleton (D:5)
  9 adders
  4 river rats (D:5)
  A shadow imp (D:6)
  2 oozes (D:3)
  An adder zombie (D:7)
  An adder skeleton (D:5)
  4 dart slugs
  5 leopard geckos
  18 orcs
  3 ball pythons
  7 giant cockroaches
  3 goblins
  9 hobgoblins
  4 jackals (D:5)
  2 quokkas
  15 bats
  4 frilled lizards
  10 kobolds
  An orc zombie (D:6)
  3 quokka skeletons
  7 rats
171 creatures vanquished.

Vanquished Creatures (collateral kills)
  A bullfrog (D:6)
  4 wights (D:6)
  2 howler monkeys (D:6)
  A centaur zombie (D:7)
  A centaur skeleton (D:4)
  An orc wizard (D:6)
  An adder (D:7)
  A shadow imp (D:6)
  A white imp (D:6)
  2 oozes (D:2)
  A dart slug (D:3)
  An orc (D:6)
  A quokka (D:5)
  A bat (D:2)
  3 goblin skeletons (D:6)
  A hobgoblin zombie (D:6)
  2 kobold zombies (D:6)
  4 orc skeletons (D:6)
  An orc zombie (D:6)
30 creatures vanquished.

Grand Total: 201 creatures vanquished

Notes
Turn   | Place    | Note
-------+----------+-------------------------------------------
     0 | D:1      | Jerry the Mummy Necromancer began the quest for the Orb.
     0 | D:1      | Reached XP level 1. HP: 13/13 MP: 3/3
   253 | D:1      | Reached XP level 2. HP: 4/20 MP: 0/5
   861 | D:1      | Reached XP level 3. HP: 25/25 MP: 3/6
   924 | D:1      | Reached skill level 1 in Fighting
  1246 | D:1      | Learned a level 1 spell: Animate Skeleton
  1250 | D:1      | Learned a level 3 spell: Vampiric Draining
  1935 | D:2      | Reached XP level 4. HP: 27/32 MP: 3/7
  2702 | D:3      | Reached skill level 5 in Necromancy
  3062 | D:3      | Reached XP level 5. HP: 38/38 MP: 3/9
  3902 | D:4      | Reached skill level 6 in Necromancy
  3902 | D:4      | Reached XP level 6. HP: 31/45 MP: 2/10
  4142 | D:4      | Noticed a yak
  4143 | D:4      | Noticed a yak
  4143 | D:4      | Noticed a yak
  4288 | D:4      | Noticed a yak
  4352 | D:5      | Entered Level 5 of the Dungeon
  4499 | D:4      | Noticed a yak
  4605 | D:4      | Noticed a yak
  4704 | D:5      | Noticed Edmund
  4851 | D:5      | Learned a level 4 spell: Control Undead
  4905 | D:5      | Lost dexterity.
  4969 | D:5      | Reached XP level 7. HP: 32/52 MP: 8/12
  5016 | D:5      | Got a slimy hunting sling
  5021 | D:5      | Identified the +4 hunting sling of Defiance {flame, rC+ rN+ Str-2 Int+8} (You found it on level 5 of the Dungeon)
  5122 | D:5      | Found a deep blue altar of Sif Muna.
  5197 | D:5      | Found a snail-covered altar of Cheibriados.
  5255 | D:5      | Found a shimmering altar of Xom.
  5315 | D:5      | Reached skill level 7 in Necromancy
  5668 | D:5      | Killed Edmund
  5944 | D:5      | Learned a level 4 spell: Animate Dead
  5957 | D:6      | Noticed Sigmund
  6040 | D:6      | Killed Sigmund
  6040 | D:6      | Reached XP level 8. HP: 48/60 MP: 6/14
  6143 | D:6      | Reached skill level 8 in Necromancy
  6654 | D:6      | Found a glowing golden altar of the Shining One.
  6655 | D:6      | Found a staircase to the Ecumenical Temple.
  6685 | D:6      | Reached skill level 5 in Fighting
  6860 | D:6      | Found an opulent altar of Gozag.
  6860 | D:6      | Found a glowing silver altar of Zin.
  6866 | D:6      | Reached skill level 5 in Spellcasting
  6866 | D:6      | Reached skill level 9 in Necromancy
  7014 | D:5      | Became a worshipper of Sif Muna the Loreminder
  7495 | D:7      | Reached XP level 9. HP: 59/68 MP: 10/16
  7799 | D:7      | Found Lodd's Gadget Boutique.
  8268 | D:7      | Reached skill level 1 in Invocations
  8324 | D:7      | Reached * piety under Sif Muna
  8372 | D:7      | Reached skill level 10 in Necromancy
  8849 | D:8      | HP: 1/69 [killer bee (3)]
  8888 | D:8      | Noticed Joseph
  8891 | D:8      | Shot with a sling bullet by Joseph

Skill      XL: |  1  2  3  4  5  6  7  8  9 |
---------------+----------------------------+-----
Fighting       | 1 2 3 4 5 |  5.6
Stealth        | 2 |  2.0
Necromancy     | 5 6 7 9 10 | 10.3
Spellcasting   | 3 4 5 6 |  6.1
Invocations    | 2 |  2.1
Dodging        | |  1.5

Action                   |  1- 3 |  4- 6 |  7- 9 || total
-------------------------+-------+-------+-------++-------
Melee: Dagger            |    37 |    75 |     6 ||   118
 Fire: Hunting sling     |       |    36 |   125 ||   161
 Cast: Pain              |    68 |   106 |   190 ||   364
       Animate Skeleton  |     5 |     9 |    21 ||    35
       Control Undead    |       |       |     7 ||     7
       Vampiric Draining |       |       |     7 ||     7
       Animate Dead      |       |       |     2 ||     2
Evoke: Wand              |       |       |     4 ||     4
  Use: Scroll            |     6 |       |    13 ||    19
Armor: Robe              |    18 |    24 |    14 ||    56
Dodge: Dodged            |    38 |   112 |   121 ||   271
